 Dungeon Crawl Stone Soup version 0.24-a0-290-gbb66a67 (webtiles) character file.

Game seed: 6676075634536648280

212408 MatthieuS the Brawler (level 18, -8/179 HPs)
             Began as a Troll Fighter on May 8, 2019.
             Was an Elder of Trog.
             Mangled by a spark wasp (13 damage)
             ... on level 4 of the Spider Nest.
             The game lasted 01:31:15 (27303 turns).

MatthieuS the Brawler (Troll Fighter)              Turns: 27303, Time: 01:31:15

Health: -8/179     AC: 31    Str: 34      XL:     18   Next: 62%
Magic:  8/21       EV:  7    Int:  4      God:    Trog [****..]
Gold:   803        SH: 22    Dex:  9 (10) Spells: 17/17 levels left

rFire    + + +     SeeInvis +     - Unarmed
rCold    + + +     Gourm    +   F - +2 large shield {AC+3}
rNeg     + . .     Faith    .   A - +8 gold dragon scales
rPois    +         Spirit   .   (helmet restricted)
rElec    .         Reflect  .   p - scarf {rC+ rF+}
rCorr    .         Harm     .   (gloves unavailable)
MR       +++..                  (boots unavailable)
Stlth    ..........             O - amulet of magic regeneration
HPRegen  1.79/turn              b - ring "Gypnoch" {rF+ rC+ rN+ Stlth+}
MPRegen  0.42/turn              z - ring of see invisible

@: berserk cooldown, very slightly contaminated, regenerating, hasted and
slowed, invisible
A: large, unfitting armour, claws 3, fast metabolism 3, gourmand, regeneration
1, shaggy fur 1, tough skin 3
a: Berserk, Trog's Hand, Brothers in Arms, Renounce Religion


You were on level 4 of the Spider Nest.
You worshipped Trog.
Trog was greatly pleased with you.
You were not hungry.

You visited 5 branches of the dungeon, and saw 28 of its levels.
You also visited: Ossuary and Bailey.

You collected 3485 gold pieces.
You spent 2682 gold pieces at shops.

Inventory:

Hand Weapons
 a - a +4 demon trident of venom
   (You took it off Louise on level 15 of the Dungeon)
Missiles
 k - 8 javelins of penetration (quivered)
Armour
 j - a +1 cloak
   (You found it on level 3 of the Spider Nest)
 p - a scarf of resistance (worn)
   (You found it on level 14 of the Dungeon)
 A - +8 gold dragon scales (worn)
   (You bought it in a shop on level 8 of the Dungeon)
 F - a +2 large shield of protection (worn)
   (You bought it in a shop on level 13 of the Dungeon)
 P - a +0 shield of reflection
   (You took it off Donald on level 4 of the Spider Nest)
Jewellery
 b - the ring "Gypnoch" (left claw) {rF+ rC+ rN+ Stlth+}
   (You bought it in a shop on level 5 of the Dungeon)

   [ring of positive energy]

   It protects you from fire.
   It protects you from cold.
   It protects you from negative energy.
   It makes you more stealthy.
 g - an uncursed ring of resist corrosion
   (You found it on level 2 of the Spider Nest)
 z - a ring of see invisible (right claw)
   (You took it off a wight on level 14 of the Dungeon)
 O - an amulet of magic regeneration (around neck)
   (You found it on level 15 of the Dungeon)
Wands
 d - a wand of iceblast (8)
   (You found it on level 6 of the Dungeon)
 i - a wand of polymorph (11)
   (You found it on level 4 of the Dungeon)
 u - a wand of paralysis (10)
   (You found it on level 3 of the Spider Nest)
 v - a wand of digging (8)
   (You found it on level 12 of the Dungeon)
 L - a wand of enslavement (9)
   (You found it on level 9 of the Dungeon)
Scrolls
 l - 4 scrolls of fog
 m - 7 scrolls of teleportation {@r4}
 s - 16 scrolls of remove curse {@r2}
 w - 9 scrolls of fear
 x - 4 scrolls of immolation {!r}
 y - 2 scrolls of magic mapping
 B - 2 scrolls of identify {@r1}
 G - 4 scrolls of holy word
 I - 2 scrolls of silence
Potions
 c - 6 potions of might
 f - 4 potions of agility
 h - 2 potions of resistance
 n - 8 potions of curing {@q1}
 o - 3 potions of heal wounds {@q2}
 q - a potion of invisibility
 C - 6 potions of haste {@q3}
 E - 3 potions of mutation {!q}
 J - 2 potions of flight
 K - a potion of ambrosia
 N - 3 potions of berserk rage
Miscellaneous
 M - 2 boxes of beasts
Comestibles
 e - 48 rations


   Skills:
 + Level 11.3 Fighting
 + Level 8.8 Armour
 + Level 11.3 Dodging
 + Level 11.4 Shields
 * Level 17.5 Unarmed Combat
 - Level 6.0 Evocations


You had 17 spell levels left.
You didn't know any spells.
Your spell library was empty.

Dungeon Overview and Level Annotations

Branches:
Dungeon (15/15)            Temple (1/1) D:7            Lair (6/6) D:11
 Shoals (0/4) Lair:4       Spider (4/4) Lair:3        Slime (0/5) Lair:5
    Orc (2/2) D:10            Elf (0/3) Orc:2        Vaults (0/5) D:14
 Depths (0/5) D:15

Altars:
Ashenzari
Cheibriados
Dithmenos
Elyvilon
Fedhas
Gozag
Hepliaklqana
Kikubaaqudgha
Makhleb
Nemelex Xobeh
Okawaru
Qazlal
Ru
Sif Muna
Trog
Uskayaw
Vehumet
Wu Jian
Xom
Yredelemnul
Zin
The Shining One
Beogh
Jiyva

Shops:
D:5 (=*   D:8 [   D:10 (   D:11 [([%   D:13 ([!?[   D:14 %   D:15 ?}*
Orc:2 (?}[(

Portals:
Trove: D:14 (show abyssal rune of Zot)

Annotations:
Spider:1 2 transporters, Dernum's ghost, adept HuBe
Spider:2 1 runed translucent door


Innate Abilities, Weirdness & Mutations

You are too large for most types of armour.
You have claws for hands.
Your metabolism is lightning-fast.
You like to eat raw meat.
Your natural rate of healing is unusually fast.
You are covered in fur. (AC +1)
You have extremely tough skin. (AC +3)


Message History

The redback bites your demonic crawler!
The ghost moth hits your demonic crawler! x2
Your demonic crawler dies!
Your demonic crawler's corpse dissolves into shadows!
The spark wasp evades a web.
The spark wasp buzzes angrily.
The spark wasp is caught in a web!
The spark wasp bursts into living lightning!
The living lightning misses you.
The spark wasp blinks!
The emperor scorpion evades a web.
The spark wasp bursts into living lightning!
The living lightning hits the redback!
The living lightning hits you!
* * * LOW HITPOINT WARNING * * *
The spark wasp blinks!
The emperor scorpion is caught in a web!
You block the spark wasp's attack.
You scratch the spark wasp but do no damage.
You block the spark wasp's attack.
You closely miss the spark wasp.
The emperor scorpion struggles to get unstuck from the web.
You block the spark wasp's attack.
You claw the spark wasp!
Your extra speed is starting to run out.
The spark wasp stings you but does no damage.
The emperor scorpion pulls away from the web.
You barely miss the spark wasp. You block the redback's attack.
The spark wasp stings you but does no damage.
The redback closely misses you.
Your skin crawls.
You feel resistant to hostile enchantments.
You feel quite a bit less full. You block the spark wasp's attack.
Your ogre goes berserk!
You feel quite a bit less full.
The spark wasp stings you but does no damage.
You block the spark wasp's attack. x2; The wolf spider barely misses you.
The wolf spider bites you but does no damage.
Your two-headed ogre goes berserk!
The spark wasp stings you!!
* * * LOW HITPOINT WARNING * * *
The spark wasp shocks you!
* * * LOW HITPOINT WARNING * * *
The wolf spider hits you!
* * * LOW HITPOINT WARNING * * *
The wolf spider bites you but does no damage.
The spark wasp closely misses you.
Your ogre is caught in a web!
The jumping spider leaps!
The spark wasp stings you!
* * * LOW HITPOINT WARNING * * *
The spark wasp shocks you!
You die...

##^...#....≈#^....#
#..^.^#.^..≈#^...^##
...#
#≈....#.....#....^^#
...#
#...^^#.....#......# ...
##^...##.....#.....^#
..#
#.....#^^....#^.....#
.^#
#.....#.s...O#^...^^#
..#
#....^#...s..#.....≈# .#
##....≈#...y@.#......#
.#
#^...^....ssyO.^○....#
s#
#≈.......^.s.^.......#
.#
#^....^#^.^..y#......^##
##
#.....^#≈^^.s^#≈.....^^#
#
#......#^...s≈#^.......#
#
#.....^#^.sss.#..s.#####
# ####...#...ss.#.^### #
##..#...^s.#.##


You could see an emperor scorpion, a ghost moth (invisible), 2 spark wasps, 5
wolf spiders, 2 jumping spiders, 4 redbacks, a friendly two-headed ogre
(berserk), a friendly orb spider and a friendly ogre (berserk).

Vanquished Creatures
  Jorgrun (Orc:2)
  Agnes (Spider:4)
  Donald (Spider:4)
  3 ghost moths
  Louise (D:15)
  An emperor scorpion (Spider:4)
  2 orc warlords
  Nessos (D:15)
  5 entropy weavers
  2 spark wasps
  An ettin (D:15)
  A fire dragon (Lair:6)
  Erolcha (Orc:2)
  A vault guard (D:14)
  A yaktaur captain (D:14)
  Erica (D:8)
  Harold (D:11)
  5 hydras
  6 centaur warriors
  A death knight (D:13)
  8 two-headed ogres
  2 ogre magi
  A dancing weapon (D:13)
  A tengu warrior (D:15)
  Nergalle (Orc:2)
  3 death yaks (D:11)
  A deep elf knight (D:15)
  A fire crab (Lair:6)
  2 cherubim (D:13)
  A deep troll (D:15)
  3 unseen horrors
  A phantasmal warrior (D:13)
  16 wolf spiders
  9 orb spiders
  An orc knight (D:13)
  15 ugly things
  3 deep elf magi
  9 orc sorcerers
  A manticore (D:14)
  10 slime creatures
  2 cyclopes
  8 elephants
  Maurice (D:10)
  A black mamba (Lair:2)
  12 spiny frogs
  2 molten gargoyles (Lair:6)
  2 gargoyles
  A torpor snail (Lair:5)
  2 freezing wraiths
  A kobold demonologist (D:12)
  12 komodo dragons
  2 yaktaurs (D:14)
  7 demonic crawlers
  2 polar bears
  A harpy zombie (D:15)
  26 jumping spiders
  3 meliai (D:14)
  Prince Ribbit (D:6)
  4 trolls
  6 hornets
  16 blink frogs
  13 hippogriffs
  12 tarantellas
  7 wyverns
  50 redbacks
  6 basilisks (Lair:6)
  23 yaks
  7 vampire mosquitoes
  2 steam dragons (Lair:6)
  Edmund (D:6)
  21 wargs
  Menkaure (D:4)
  3 hungry ghosts
  3 hell hounds (Lair:6)
  6 porcupines
  4 water moccasins
  A black bear (D:6)
  An eye of draining (D:15)
  4 ice beasts
  27 orc warriors
  A phantom (D:9)
  4 sky beasts
  A hornet zombie (D:15)
  8 wolves
  17 ogres
  18 centaurs
  7 crocodiles
  20 bullfrogs
  4 wyvern zombies
  10 killer bees
  2 scorpions
  8 wights
  4 howler monkeys
  2 electric eels
  4 bullfrog zombies
  5 lava snakes (Lair:6)
  9 crimson imps
  8 centaur zombies
  A human zombie (Ossuary)
  7 hounds
  6 jellies
  10 orc priests
  6 centaur skeletons
  4 iguanas
  41 orc wizards
  6 worker ants
  A bullfrog simulacrum (D:10)
  A hound zombie (D:6)
  3 hound skeletons
  3 mummies (Ossuary)
  A howler monkey zombie (D:5)
  2 worker ant zombies
  15 gnolls
  9 adders
  6 shadow imps
  An ooze (D:1)
  3 adder zombies
  2 worms
  2 dart slugs
  7 leopard geckos
  114 orcs
  A ball python (D:6)
  5 bats
  8 giant cockroaches
  A gnoll zombie (Ossuary)
  11 goblins
  8 hobgoblins
  4 jackals
  22 kobolds
  10 quokkas
  A ball python skeleton (D:5)
  15 frilled lizards
  2 goblin zombies (Ossuary)
  3 hobgoblin zombies (Ossuary)
  2 jackal zombies
  10 rats
  A bush (Lair:6)
  A fungus (Lair:4)
918 creatures vanquished.

Vanquished Creatures (collateral kills)
  Nikola (Spider:1)
  2 orb spiders
  A wolf spider (Spider:4)
  A demonic crawler (Spider:1)
  2 jumping spiders (Spider:4)
  5 blink frogs
  4 redbacks (Spider:4)
  3 tarantellas (Spider:4)
  A crocodile (Lair:1)
  3 wolves (Lair:1)
  A hobgoblin (Bailey)
24 creatures vanquished.

Vanquished Creatures (others)
  An orb spider (Spider:1)
  2 jumping spiders
  A tarantella (Spider:1)
  A howler monkey (D:4)
  An iguana (D:4)
  2 adders (D:4)
  A frilled lizard (D:4)
  A quokka skeleton (D:4)
  4 fungi
  8 plants
22 creatures vanquished.

Grand Total: 964 creatures vanquished

Notes
Turn   | Place    | Note
-------+----------+-------------------------------------------
     0 | D:1      | MatthieuS the Troll Fighter began the quest for the Orb.
     0 | D:1      | Reached XP level 1. HP: 22/22 MP: 0/0
   113 | D:1      | Reached XP level 2. HP: 29/29 MP: 1/1
   765 | D:1      | Reached XP level 3. HP: 36/36 MP: 2/2
   974 | D:2      | Reached skill level 3 in Unarmed Combat
  1055 | D:2      | Reached XP level 4. HP: 44/44 MP: 3/3
  1336 | D:2      | Reached XP level 5. HP: 21/53 MP: 4/4
  1802 | D:3      | Reached skill level 4 in Unarmed Combat
  1972 | D:3      | Reached XP level 6. HP: 57/61 MP: 5/5
  2096 | D:3      | You fall through a shaft for 2 floors!
  2096 | D:5      | Entered Level 5 of the Dungeon
  2190 | D:5      | Found Cinotocw's Weapon Boutique.
  2244 | D:4      | Found a sacrificial altar of Ru.
  2437 | D:4      | Found a shimmering altar of Xom.
  2464 | D:4      | Found a sand-covered staircase.
  2474 | Ossuary  | Entered an ossuary
  2509 | Ossuary  | Reached skill level 5 in Unarmed Combat
  2624 | Ossuary  | Reached XP level 7. HP: 67/68 MP: 6/6
  2797 | D:4      | Noticed Menkaure
  2837 | D:4      | Killed Menkaure
  3188 | D:3      | Found a shadowy altar of Dithmenos.
  3615 | D:5      | Reached skill level 6 in Unarmed Combat
  3663 | D:5      | Found Feexy's General Store.
  3668 | D:5      | Bought a potion of heal wounds for 65 gold pieces
  3776 | D:5      | Found a hazy altar of Hepliaklqana.
  3835 | D:5      | Found Uqapol's Jewellery Shoppe.
  3914 | D:5      | Reached XP level 8. HP: 76/78 MP: 7/7
  4034 | D:5      | Found a glowing golden altar of the Shining One.
  4038 | D:5      | Found a glowing silver altar of Zin.
  4038 | D:5      | Found a hide-covered altar of Uskayaw.
  4039 | D:5      | Found a blossoming altar of Fedhas.
  4042 | D:5      | Found a hazy altar of Hepliaklqana.
  4207 | D:6      | Noticed Prince Ribbit
  4295 | D:6      | Killed Prince Ribbit
  4361 | D:6      | Reached skill level 7 in Unarmed Combat
  4548 | D:6      | Noticed Edmund
  4557 | D:6      | Killed Edmund
  4609 | D:6      | Reached skill level 5 in Fighting
  4609 | D:6      | Reached skill level 5 in Dodging
  4609 | D:6      | Reached skill level 5 in Shields
  4609 | D:6      | Reached XP level 9. HP: 85/88 MP: 8/8
  5020 | D:7      | Reached skill level 8 in Unarmed Combat
  5337 | D:7      | Found a staircase to the Ecumenical Temple.
  5352 | Temple   | Entered the Ecumenical Temple
  5412 | Temple   | Became a worshipper of Trog the Wrathful
  5963 | D:8      | Found Fuappain's Armour Boutique.
  5991 | D:8      | Reached skill level 9 in Unarmed Combat
  6015 | D:8      | Reached * piety under Trog
  6037 | D:8      | Found a sparkling altar of Nemelex Xobeh.
  6127 | D:8      | Noticed Erica
  6146 | D:8      | Killed Erica
  6146 | D:8      | Reached XP level 10. HP: 98/98 MP: 9/9
  6491 | D:9      | Reached skill level 10 in Unarmed Combat
  6651 | D:9      | Noticed a two-headed ogre
  6660 | D:9      | Killed a two-headed ogre
  6816 | D:9      | Reached ** piety under Trog
  7097 | D:10     | Entered Level 10 of the Dungeon
  7155 | D:10     | Found Ypnipt's Antique Weapon Emporium.
  7306 | D:10     | Noticed a deep elf mage
  7371 | D:10     | Killed a deep elf mage
  7479 | D:10     | Found a staircase to the Orcish Mines.
  7481 | D:10     | Noticed Maurice
  7506 | D:10     | Killed Maurice
  7608 | D:10     | Killed an unseen horror
  7608 | D:10     | Reached XP level 11. HP: 31/107 MP: 10/10
  7751 | D:10     | Reached skill level 11 in Unarmed Combat
  8300 | Orc:1    | Entered Level 1 of the Orcish Mines
  8392 | Orc:1    | You fall through a shaft!
  8392 | Orc:2    | Entered Level 2 of the Orcish Mines
  8412 | Orc:1    | Noticed an orc sorcerer
  8425 | Orc:1    | Killed an orc sorcerer
  8733 | Orc:1    | Reached *** piety under Trog
  8984 | Orc:1    | Received a gift from Trog
  9506 | D:8      | Bought +2 gold dragon scales for 1196 gold pieces
  9561 | D:11     | Noticed a two-headed ogre
  9570 | D:11     | Killed a two-headed ogre
  9580 | D:11     | Found Juhoago's Food Shoppe.
  9612 | D:11     | Found Cammu's Armour Emporium.
  9711 | D:11     | Reached skill level 1 in Armour
  9746 | D:11     | Noticed a death yak
  9746 | D:11     | Noticed a death yak
  9762 | D:11     | Killed a death yak
  9770 | D:11     | Killed a death yak
  9770 | D:11     | Reached skill level 12 in Unarmed Combat
  9778 | D:11     | Noticed a death yak
  9940 | D:11     | Found a staircase to the Lair.
  9942 | D:11     | Noticed a red ugly thing
  9952 | D:11     | Killed a red ugly thing
 10115 | D:11     | Noticed Harold
 10130 | D:11     | Killed Harold
 10130 | D:11     | Reached XP level 12. HP: 119/119 MP: 11/11
 10159 | D:11     | Killed a death yak
 10331 | D:11     | Found Vycrutic's Antique Armour Shop.
 10331 | D:11     | Found Iloit's Antique Weapon Shoppe.
 10519 | D:12     | Got a polished rapier
 10520 | D:12     | Identified the +4 rapier of Nerapul {pierce, rN+} (You
                  | found it on level 12 of the Dungeon)
 10697 | D:12     | Reached **** piety under Trog
 10800 | D:12     | Got a sheer robe
 10811 | D:12     | Identified the cursed +0 robe "Sued" {rF+} (You found it on
                  | level 12 of the Dungeon)
 11240 | D:12     | Noticed a two-headed ogre
 11248 | D:12     | Killed a two-headed ogre
 11519 | D:13     | Identified the cursed +0 buckler of Vofagyuf {rC+}
 11699 | D:13     | Reached skill level 13 in Unarmed Combat
 11749 | D:13     | Reached skill level 1 in Evocations
 11778 | D:13     | Noticed a death knight
 11794 | D:13     | Found Huracel's Magic Scroll Emporium.
 12122 | Orc:2    | Found Usewkun's Weapon Emporium.
 12133 | Orc:2    | Found a staircase to the Elven Halls.
 12260 | Orc:2    | Noticed Jorgrun
 12280 | Orc:2    | Killed Jorgrun
 12391 | Orc:2    | Found Fehir's Antique Weapon Boutique.
 12463 | Orc:2    | Found Suwoutat's Antique Armour Shop.
 12483 | Orc:2    | Found a radiant altar of Vehumet.
 12484 | Orc:2    | Noticed an ogre mage
 12484 | Orc:2    | Noticed Erolcha
 12487 | Orc:2    | Killed an ogre mage
 12493 | Orc:2    | Killed Erolcha
 12493 | Orc:2    | Reached XP level 13. HP: 128/128 MP: 13/13
 12533 | Orc:2    | Noticed Nergalle
 12543 | Orc:2    | Killed Nergalle
 12544 | Orc:2    | Found an ancient bone altar of Kikubaaqudgha.
 12602 | Orc:2    | Found a roughly hewn altar of Beogh.
 12632 | Orc:2    | Found Wigedut's Gadget Boutique.
 12635 | Orc:2    | Found Poimn's Magic Scroll Shop.
 12824 | Lair:1   | Entered Level 1 of the Lair of Beasts
 14098 | Lair:2   | You fall through a shaft for 2 floors!
 14365 | Lair:3   | Reached skill level 14 in Unarmed Combat
 14526 | Lair:3   | Found a hole to the Spider Nest.
 15130 | Lair:4   | Reached skill level 5 in Armour
 15186 | Lair:4   | Reached ***** piety under Trog
 15384 | Lair:4   | Found a staircase to the Shoals.
 15559 | Lair:5   | Found a viscous altar of Jiyva.
 15561 | Lair:5   | Found a staircase to the Slime Pits.
 15803 | Lair:5   | Reached XP level 14. HP: 140/140 MP: 15/15
 16625 | Lair:6   | Entered Level 6 of the Lair of Beasts
 16894 | D:5      | Bought the ring "Gypnoch" {rF+ rC+ rN+ Stlth+} for 569 gold
                  | pieces
 17332 | Lair:6   | Got a faintly glowing falchion
 17341 | Lair:6   | Identified the cursed +2 falchion of Xasuh {slice, Str+5}
                  | (You found it on level 6 of the Lair of Beasts)
 18097 | Lair:6   | Found a large runed translucent door.
 18098 | Lair:6   | Found a large runed translucent door.
 18508 | D:13     | Found Omay's Weapon Emporium.
 18802 | D:13     | Received a gift from Trog
 19288 | D:13     | Reached skill level 15 in Unarmed Combat
 19323 | D:13     | Noticed an orc warlord
 19335 | D:13     | Killed an orc warlord
 19507 | D:13     | Received a gift from Trog
 19596 | D:13     | Found Esoizoc's Armour Shop.
 19651 | D:13     | Bought a scroll of acquirement for 572 gold pieces
 19698 | D:13     | Bought a +1 large shield of protection for 280 gold pieces
 19830 | D:13     | Found Lott's Armour Shoppe.
 19830 | D:13     | Found Hiuckein's Distillery.
 20088 | D:14     | Received a gift from Trog
 20204 | D:14     | Found a flagged portal.
 20216 | Bailey   | Entered a bailey
 20221 | Bailey   | Noticed an orc warlord
 20268 | Bailey   | Found a runed translucent gate.
 20268 | Bailey   | Found a runed translucent gate.
 20268 | Bailey   | Found a runed translucent gate.
 20389 | Bailey   | Killed an orc warlord
 20793 | D:14     | Reached skill level 5 in Evocations
 20805 | D:14     | Reached skill level 10 in Shields
 20874 | D:14     | Found a gate to the Vaults.
 20911 | D:14     | Reached XP level 15. HP: 149/149 MP: 17/17
 20942 | D:14     | Reached skill level 10 in Fighting
 21284 | D:14     | Found a glowing golden altar of the Shining One.
 21304 | D:14     | Reached skill level 10 in Dodging
 21363 | D:14     | Found Goidwe's Food Shop.
 21624 | D:14     | Found a portal to a secret trove of treasure.
 21970 | D:15     | Entered Level 15 of the Dungeon
 22060 | D:15     | Found Iwucouva's General Store.
 22067 | D:15     | Found Toasyvig's Gadget Emporium.
 22151 | D:15     | Reached ****** piety under Trog
 22243 | D:15     | Noticed Nessos
 22244 | D:15     | Paralysed by Nessos for 6 turns
 22261 | D:15     | Killed Nessos
 22364 | D:15     | Found Zumemoxtu's Magic Scroll Shoppe.
 22414 | D:15     | Received a gift from Trog
 22598 | D:15     | Reached skill level 16 in Unarmed Combat
 22758 | D:15     | Found a staircase to the Depths.
 22781 | D:15     | Noticed Louise
 22808 | D:15     | Killed Louise
 23520 | Spider:1 | Entered Level 1 of the Spider Nest
 23595 | Spider:1 | Found a transporter.
 23663 | Spider:1 | Found a transporter.
 23681 | Spider:1 | Noticed Nikola
 23711 | Spider:1 | Killed Nikola
 23808 | Spider:1 | Noticed Dernum's ghost (adept HuBe)
 24243 | Spider:2 | Reached XP level 16. HP: 161/161 MP: 19/19
 24526 | Spider:2 | Received a gift from Trog
 24538 | Spider:2 | Reached XP level 17. HP: 167/167 MP: 20/20
 24691 | Spider:2 | Got a clouded lead ring
 24693 | Spider:2 | Identified the ring "Vuban" {+Fly rC- Str+4 Dex+6} (You
                  | acquired it on level 2 of the Spider Nest)
 24700 | Spider:2 | Found a runed translucent door.
 26216 | Spider:4 | Entered Level 4 of the Spider Nest
 26339 | Spider:3 | Reached skill level 17 in Unarmed Combat
 26422 | Spider:4 | Received a gift from Trog
 26449 | Spider:4 | Noticed Donald
 26748 | Spider:4 | Killed Donald
 27256 | Spider:4 | Noticed Agnes
 27269 | Spider:4 | Killed Agnes
 27289 | Spider:4 | Reached XP level 18. HP: 67/179 MP: 2/21
 27303 | Spider:4 | HP: 5/179 [spark wasp (11)]
 27303 | Spider:4 | Mangled by a spark wasp

Levels and vault maps discovered:
D:1:      onia_arrival_larder, layout_basic, serial_rivers,
          chequers_serial_rivers_micro_e, chequers_serial_rivers_small_a,
          chequers_serial_rivers_small_b, chequers_serial_rivers_room_a,
          chequers_serial_rivers_large_a, minmay_lizard_king
D:2:      layout_basic, first_ration, minmay_heptomino_h4
D:3:      layout_basic, nicolae_dithmenos_through_a_glass_darkly
D:4:      layout_basic, nicolae_ru_the_path_less_chosen, xom_confusion_cloud,
          lightli_ossuary_entry_decrepit_ruins, kennysheep_small_square,
          uniq_menkaure
D:5:      layout_loops_ring, minitemple, basic_altar, serial_shops,
          nicolae_shop_trees, shop, nicolae_shop_crystal
D:6:      wad_crossroads, layout_basic, uniq_prince_ribbit1, uniq_edmund
D:7:      layout_loops_ring, minmay_temple_entry_statues_fountains
D:8:      layout_rooms, nicolae_overflow_crystal_walls, serial_shops, shop,
          uniq_erica
D:9:      layout_roguey, grunt_pizzeria
D:10:     layout_cave_pods, orc_0_dummy, serial_shops,
          nicolae_shop_overgrown_old_shop, minmay_mirror_moons_of_madness,
          uniq_maurice
D:11:     layout_roguey, dpeg_lair_monsters, serial_shops, nicolae_shop_stone,
          shop, kennysheep_mini_moat, shop, uniq_harold
D:12:     layout_basic
D:13:     lemuel_castle_with_subvaults [lemuel_castle_interior_carwin_3],
          layout_irregular_city, serial_shops, nicolae_shop_trees, shop, shop,
          shop, nicolae_shop_competitors_out_of_business, pf_eden
D:14:     layout_loops_corners, david_vaults_2, enter_trove_5, enter_bailey_7,
          serial_shops, nicolae_shop_stone, tso_metal_star
D:15:     hangedman_depths_entry_civil_slaughter, layout_small_grid,
          serial_shops, shop, shop, nicolae_shop_statue_plus, uniq_louise,
          uniq_nessos
Temple:   cyrus_circular_temple
Lair:1:   layout_chaotic_city, serial_bayou_lagoon_a
Lair:2:   layout_misc_corridors, infiniplex_staircase_pool
Lair:3:   layout_roguey, nicolae_spider_entry_orb_guardian
Lair:4:   layout_long_grid, minmay_shoals_entry_centaurs
Lair:5:   layout_roguey, slime_altar_1, serial_bayou_lagoon_b,
          serial_bayou_shore_a, grunt_megastairs_4, serial_bayou_shore_b,
          serial_bayou_shore_b
Lair:6:   cheibrodos_lair_end_hotspot, layout_misc_corridors
Spider:1: layout_spider_delve, gammafunk_ghost_berserking_beasts,
          nicolae_spider_webbed_stairs, uniq_nikola
Spider:2: cheibrodos_spider_deadly_dance
Spider:3: layout_spider_delve
Spider:4: grunt_spider_rune_parallel, uniq_agnes, uniq_donald
Orc:1:    layout_caves, nooodl_orcs_dogs
Orc:2:    kennysheep_orc_mage_school, layout_caves, special_room, serial_shops,
          nicolae_shop_statue_plus, uniq_jorgrun

Skill      XL: |  1  2  3  4  5  6  7  8  9 10 11 12 13 14 15 16 17 |
---------------+----------------------------------------------------+-----
Unarmed Combat | 3 4 5 6 7 9 10 12 13 14 15 16 17 | 17.5
Fighting       | 3 4 5 6 7 8 9 10 11 | 11.3
Dodging        | 3 4 5 6 7 8 9 10 11 | 11.3
Shields        | 3 4 5 6 7 8 9 10 11 | 11.4
Armour         | 2 4 5 6 7 8 |  8.8
Evocations     | 2 3 5 6 |  6.0

Action                   |  1- 3 |  4- 6 |  7- 9 | 10-12 | 13-15 | 16-18 || total
-------------------------+-------+-------+-------+-------+-------+-------++-------
Melee: Unarmed           |   108 |   210 |   409 |   652 |  1472 |   445 ||  3296
       Morningstar       |       |       |       |       |    37 |       ||    37
Invok: Berserk           |       |       |     1 |     8 |    29 |     7 ||    45
       Trog's Hand       |       |       |       |     3 |     7 |     4 ||    14
       Brothers in Arms  |       |       |       |     2 |     4 |     8 ||    14
Evoke: Wand              |       |       |       |     9 |    11 |     6 ||    26
       Box of beasts     |       |       |       |       |       |     2 ||     2
  Use: Scroll            |       |       |     3 |    16 |    17 |     7 ||    43
       Potion            |       |       |     5 |     4 |     6 |     6 ||    21
 Stab: Sleeping          |     1 |       |     1 |     3 |       |       ||     5
       Distracted        |       |       |       |       |     1 |       ||     1
  Eat: Chunk             |    15 |    12 |    36 |    72 |   138 |    14 ||   287
       Ration            |       |       |       |     1 |       |     8 ||     9
Armor: Robe              |    47 |    50 |    75 |    66 |       |       ||   238
       Gold dragon scale |       |       |       |   132 |   964 |   383 ||  1479
Dodge: Dodged            |    38 |    64 |   105 |   141 |   287 |    99 ||   734
Block: Shield            |    53 |    71 |   160 |   312 |   185 |       ||   781
       Large shield      |       |       |       |       |  1240 |   669 ||  1909

Table legend:
 A = Non-vault XP
 B = Vault XP
 C = Vault XP percentage of total XP
 D = Non-vault monster count
 E = Vault monster count
 F = Vault count percentage of total count
                 A         B        C        D         E       F
            +---------+---------+-------+---------+---------+-------
      Total |  135345 |   65475 |  32.6 |     674 |     267 |  28.4
            +---------+---------+-------+---------+---------+-------
        D:1 |      24 |      19 |  44.2 |      10 |      13 |  56.5
        D:2 |     167 |       4 |   2.3 |      32 |       3 |   8.6
        D:3 |     269 |       0 |   0.0 |      37 |       0 |   0.0
        D:4 |      78 |     315 |  80.2 |       4 |       4 |  50.0
        D:5 |     438 |       0 |   0.0 |      18 |       0 |   0.0
        D:6 |     903 |     685 |  43.1 |      30 |       6 |  16.7
        D:7 |     772 |       0 |   0.0 |      27 |       0 |   0.0
        D:8 |    1906 |     965 |  33.6 |      36 |       1 |   2.7
        D:9 |    2190 |     136 |   5.8 |      22 |       1 |   4.3
       D:10 |    1551 |    1445 |  48.2 |      22 |       7 |  24.1
       D:11 |    2763 |    4324 |  61.0 |      11 |       8 |  42.1
       D:12 |    5320 |     330 |   5.8 |      37 |       2 |   5.1
       D:13 |    5502 |    7411 |  57.4 |      18 |      53 |  74.6
       D:14 |   17218 |    2796 |  14.0 |      68 |       8 |  10.5
       D:15 |   17756 |    7969 |  31.0 |      40 |       8 |  16.7
     Lair:1 |    2651 |       0 |   0.0 |      16 |       0 |   0.0
     Lair:2 |    4116 |       0 |   0.0 |      19 |       0 |   0.0
     Lair:3 |    2991 |     595 |  16.6 |      17 |       1 |   5.6
     Lair:4 |    5449 |     449 |   7.6 |      15 |       4 |  21.1
     Lair:5 |   10573 |    1619 |  13.3 |      36 |       4 |  10.0
     Lair:6 |    2559 |    6849 |  72.8 |       8 |      26 |  76.5
   Spider:1 |    6277 |    2087 |  25.0 |      22 |       1 |   4.3
   Spider:2 |   14637 |       0 |   0.0 |      34 |       0 |   0.0
   Spider:3 |   16392 |     449 |   2.7 |      41 |       1 |   2.4
   Spider:4 |    9062 |   14067 |  60.8 |      22 |      32 |  59.3
      Orc:1 |    1771 |    1032 |  36.8 |      23 |      12 |  34.3
      Orc:2 |    2010 |   10600 |  84.1 |       9 |      34 |  79.1
    Ossuary |       0 |     151 | 100.0 |       0 |      11 | 100.0
     Bailey |       0 |    1178 | 100.0 |       0 |      27 | 100.0
            +---------+---------+-------+---------+---------+-------
